 Dungeon Crawl Stone Soup version bcrawl-1.37.2 (webtiles) character file.

Game seed: 15308450292019532379

572879 Baz the Bludgeoner (level 15, -4/303 HPs)
             Began as an Ent Berserker on Nov 6, 2022.
             Was a High Priest of Trog.
             Slain by an alligator (20 damage)
             ... on level 2 of the Swamp.
             The game lasted 00:57:26 (21811 turns).

Baz the Bludgeoner (Ent Berserker)                 Turns: 21811, Time: 00:57:26

Health: -4/303     AC: 30    Str: 31    XL:     15   Next: 96%
Magic:  7/7        EV: 10    Int:  5    God:    Trog [*****.]
Gold:   581        SH: 31    Dex: 13    Spells: 14/14 levels left

rFire    . . .     GDR:     33% J - +3 great mace (antimagic)
rCold    . . .     SeeInvis .   R - +10 large shield of Ignorance {rN+ Int-4}
rNeg     + + +     Gourm    .   (armour unavailable)
rPois    +         Faith    .   x - +2 hat
rElec    .         Spirit   .   W - +3 cloak "Qonafof" {rN+ MR+}
rCorr    +         Reflect  .   (gloves unavailable)
MR       +++++     Clarity  +   (boots unavailable)
Stlth    ..........             Y - amulet of Vitality {Regen HP+25}
HPRegen  0.81/turn              c - ring of stealth
MPRegen  0.10/turn              I - ring of resist corrosion

@: berserking, quick
A: large, slow actions, passwall, strong branches, yellow scales 1, clarity,
negative energy resistance 3, poison resistance, slow metabolism 1, torment
resistance, unbreathing, AC +22
a: Passwall, Berserk, Trog's Hand, Brothers in Arms, Renounce Religion


You were on level 2 of the Swamp.
You worshipped Trog.
Trog was extremely pleased with you.
You were hungry.

You visited 4 branches of the dungeon, and saw 21 of its levels.
You also visited: Gauntlet.

You collected 2262 gold pieces.
You spent 1681 gold pieces at shops.

Inventory:

Hand Weapons
 J - a +3 antimagic great mace (weapon)
 O - a +3 demon whip of venom
 P - a +1 great mace of protection
 Q - a +5 dire flail
Missiles
 U - a throwing net {=f}
 X - 202 javelins (quivered)
Armour
 x - a +2 hat (worn)
 R - the +10 large shield of Ignorance (worn) {rN+ Int-4}
   (You found it in a Gauntlet)

   It affects your intelligence (-4).
   It protects you from negative energy.
 W - the +3 cloak "Qonafof" (worn) {rN+ MR+}
   (You found it on level 5 of the Lair of Beasts)

   It protects you from negative energy.
   It affects your resistance to hostile enchantments.
Jewellery
 c - a ring of stealth (left hand)
 j - an uncursed ring of stealth
 A - an uncursed ring of see invisible
 B - an uncursed ring of resist corrosion
 I - a ring of resist corrosion (right hand)
 Y - the amulet of Vitality (around neck) {Regen HP+25}
   (You bought it in a shop in the Orcish Mines)

   [amulet of regeneration]

   It affects your health (+25).
 Z - an uncursed ring of ice
Wands
 p - a wand of paralysis (14)
 q - a wand of digging (33)
 w - a wand of flame (14)
 z - a wand of iceblast (16)
 D - a wand of disintegration (20)
 H - a wand of random effects (5)
 L - a wand of charming (15)
 T - a wand of acid (16)
Scrolls
 h - 4 scrolls of immolation
 i - a scroll of identify
 n - 7 scrolls of enchant weapon
 r - 2 scrolls of noise
 s - 7 scrolls of remove curse
 u - 3 scrolls of magic mapping
 y - a scroll of fear
 C - 4 scrolls of enchant armour
 G - a scroll of vulnerability {unknown}
 K - 2 scrolls of summoning {unknown}
 M - a scroll of fog {unknown}
Potions
 b - a potion of ambrosia
 d - 4 potions of heal wounds
 f - 5 potions of flight
 g - 2 potions of mutation
 k - 4 potions of lignification
 l - 2 potions of magic
 m - a potion of might
 o - 3 potions of agility
 t - 4 potions of brilliance
 v - 9 potions of curing
 F - 2 potions of resistance
 N - a potion of cancellation
 V - a potion of haste
Miscellaneous
 E - a sack of spiders
 S - a fan of gales (2/2)
Comestibles
 a - 5 chunks of flesh
 e - 45 rations {!d}


   Skills:
 + Level 14.4 Fighting
 * Level 20.7 Maces & Flails
 - Level 7.6 Dodging
 - Level 5.0 Stealth
 * Level 13.0 Shields


You had 14 spell levels left.
You didn't know any spells.
Your spell library was empty.

Dungeon Overview and Level Annotations

Branches:
Dungeon (12/12)            Temple (0/1) D:4            Lair (6/6) D:9
  Swamp (2/3) Lair:4       Shoals (0/3) Lair:3        Slime (0/5) Lair:6
    Orc (1/1) D:10            Elf (0/3) Orc          Vaults (0/3) D:12
 Depths (0/5) D:12

Altars:
Ashenzari
Cheibriados
Elyvilon
Fedhas
Gozag
Lugonu
Nemelex Xobeh
Qazlal
Ru
Sif Muna
Uskayaw
Vehumet
Wu Jian
Xom
Yredelemnul
The Shining One
Jiyva

Shops:
D:4 [   D:9 %%   D:12 *   Orc =[!:!

Portals:
Abyss: Lair:6
Pandemonium: Orc

Annotations:
D:12 3 runed translucent doors, Argron's ghost, journeyman MiBe
Lair:2 2 transporters, Cairuphu's ghost, journeyman DjRe
Lair:3 1 runed translucent door, Mehrunes's ghost, journeyman AvFE


Innate Abilities, Weirdness & Mutations

You move and act slowly.
You can pass through walls and trees.
Your branches can wield two-handed weapons with a shield.
Your thick bark is tough. (AC +22)
You are too large for most types of armour.
You are immune to negative energy. (rN+++)
Your system is resistant to poisons. (rPois)
You have a slow metabolism.
You are immune to unholy pain and torment.
You can survive without breathing.
You are partially covered in yellow scales. (AC +2)
You possess an exceptional clarity of mind.


Message History

The slime creature hits you!
* * * LOW HITPOINT WARNING * * *
You block the slime creature's attack.
The alligator bites you but does no damage.
You block the alligator's attack. The slime creature hits you!
* * * LOW HITPOINT WARNING * * *
The slime creature hits you.
* * * LOW HITPOINT WARNING * * *
The alligator bites you.
* * * LOW HITPOINT WARNING * * *
The alligator tail-slaps you!
* * * LOW HITPOINT WARNING * * *
A red film seems to cover your vision as you go berserk!
You feel yourself moving faster!
You feel mighty!
You feel a lot more hungry.
The slime creature hits you but does no damage.
You block the slime creature's attack. You block the alligator's attack. x2
You pound the alligator like an anvil!!!
The alligator is heavily wounded.
You block the slime creature's attack. The alligator bites you!!
You die...

.≈..≈♣♣
≈§.≈≈♣ ..≈§♣
≈≈≈♣.♣ ♣.≈≈♣
..≈..♣ ♣...♣
≈.≈.♣
♣♣.≈♣♣♣≈≈≈≈♣
♣≈t.♣♣≈§..♣♣
♣♣.@.♣..≈..♣
♣$≈JJ♣.≈≈(♣
♣♣.....≈..♣
♣≈≈≈.<..♣♣
♣♣.≈..≈.♣
♣....≈.♣
♣......♣
♣..♣≈≈≈.♣
♣..≈.....♣


You could see an alligator and 2 slime creatures.

Vanquished Creatures
  Kirke (Lair:5)
  An ironheart preserver (D:12)
  A minotaur (Gauntlet)
  Azrael (Orc)
  Urug (Lair:5)
  Fannar (D:11)
  Psyche (D:11)
  An anaconda (Lair:3)
  A shambling mangrove (Swamp:2)
  10 hydras
  4 two-headed ogres
  An ogre mage (D:12)
  A catoblepas (D:11)
  Sonja (Lair:6)
  A death yak (Gauntlet)
  A tengu warrior (D:10)
  4 alligators
  8 orc high priests (Orc)
  A vampire mage (D:12)
  A hell hog (Gauntlet)
  Nergalle (Lair:3)
  2 thrashing horrors (Lair:6)
  A deep troll (D:12)
  2 spriggans (Swamp:1)
  A sun demon (Orc)
  A centaur warrior (D:8)
  A sixfirhy (Orc)
  2 spriggan druids (Swamp:1)
  8 skeletal warriors
  4 unseen horrors
  Pikel (D:7)
  An infernal demonspawn (Orc)
  A gelid demonspawn (Orc)
  A shadow dragon zombie (D:12)
  A necromancer (D:12)
  5 orc knights
  A wizard (Gauntlet)
  A wolf spider zombie (D:12)
  3 cyclopes
  2 deep elf magi
  A wolf spider (Lair:6)
  A stone giant zombie (D:12)
  10 ugly things
  A frost giant zombie (D:12)
  2 oklob plants (Lair:6)
  3 orc sorcerers (Orc)
  2 manticores
  6 elephants
  3 will-o'-wisps
  4 black mambas
  A gargoyle (D:12)
  4 smoke demons (Lair:6)
  An orange demon (Orc)
  8 cane toads
  2 rime drakes
  A kobold demonologist (D:9)
  7 komodo dragons
  A hellwing (Orc)
  An ice devil (Orc)
  A rime drake (shapeshifter) (Lair:6)
  An ancient zyme (Lair:6)
  3 eyes of draining
  A guardian mummy (D:12)
  6 meliai
  2 merfolk (Lair:3)
  2 polar bears (Lair:5)
  3 tyrant leeches (Swamp:1)
  4 hornets
  5 trolls
  3 bog bodies (Swamp:1)
  6 slime creatures (Swamp:2)
  13 blink frogs
  3 harpy skeletons
  7 hippogriffs
  A meliai zombie (D:12)
  A vampire (D:10)
  A fire dragon skeleton (D:12)
  2 shadows
  4 hogs
  A wraith (D:11)
  6 basilisks
  3 fire elementals (Orc)
  A yak (shapeshifter) (D:12)
  17 yaks
  A ynoxinul (Lair:6)
  2 fire bats (Gauntlet)
  A human (D:11)
  5 wyverns
  2 hungry ghosts
  Eustachio (D:6)
  A chaos spawn (Lair:6)
  A neqoxec (Orc)
  5 wargs
  Menkaure (D:6)
  A harpy simulacrum (D:11)
  13 vampire mosquitoes
  7 swamp worms (Swamp:1)
  15 crocodiles
  4 hell hounds
  5 water moccasins
  8 small abominations (Lair:6)
  24 orc warriors
  15 porcupines
  7 sky beasts
  2 hornet zombies
  8 ogres
  4 swamp drakes (Swamp:1)
  A necrophage (D:8)
  3 phantoms
  3 ice beasts
  2 boggarts
  9 wolves
  11 bullfrogs
  3 kobold brigands
  3 centaurs
  A hornet simulacrum (D:11)
  2 scorpions
  13 killer bees
  9 wights
  19 orc priests
  3 howler monkeys
  An electric eel (Lair:3)
  9 crimson imps
  A hound (D:12)
  17 orc wizards
  Crazy Yiuf (D:7)
  A bullfrog skeleton (D:5)
  2 jellies
  2 iguanas
  9 worker ants
  A hound skeleton (D:9)
  A mummy (D:6)
  2 worker ant zombies (D:9)
  3 gnolls (D:3)
  2 howler monkey skeletons
  9 adders
  5 shadow imps
  A white imp (Gauntlet)
  2 oozes
  An adder zombie (D:7)
  An adder skeleton (D:8)
  3 worms
  3 dart slugs (D:1)
  4 leopard geckos
  57 orcs
  6 bats
  4 giant cockroaches
  8 hobgoblins
  2 jackals (D:4)
  3 quokkas
  4 ball pythons
  3 frilled lizards
  8 goblins
  2 goblin zombies (D:6)
  A jackal skeleton (D:5)
  A jackal zombie (D:6)
  21 kobolds
  5 rats
  2 fungi (D:7)
  A withered plant (D:12)
662 creatures vanquished.

Vanquished Creatures (collateral kills)
  A death knight (D:9)
  A komodo dragon (D:9)
  A hornet (D:9)
  A hippogriff (D:7)
  2 orc warriors
  2 wolves (Lair:4)
  A bullfrog (D:7)
  2 orc priests (D:7)
  2 orc wizards (Orc)
  A worker ant zombie (D:9)
  An adder (D:7)
  12 orcs
27 creatures vanquished.

Vanquished Creatures (others)
  A komodo dragon (shapeshifter) (D:12)
  3 humans (Lair:5)
  4 slaves (D:7)
  2 howler monkeys (D:7)
  An orc wizard (D:3)
  An orc (Orc)
  A quokka (D:6)
  2 fungi
  21 plants
  A withered plant (D:12)
37 creatures vanquished.

Grand Total: 726 creatures vanquished

Notes
Turn   | Place    | Note
-------+----------+-------------------------------------------
     0 | D:1      | Baz the Ent Berserker began the quest for the Orb.
     0 | D:1      | Reached XP level 1. HP: 25/25 MP: 1/1
   113 | D:1      | Reached skill level 4 in Maces & Flails
   113 | D:1      | Reached XP level 2. HP: 31/33 MP: 2/2
   464 | D:1      | Reached XP level 3. HP: 40/42 MP: 3/3
   879 | D:2      | Found a faded altar of an unknown god.
   891 | D:2      | Reached ** piety under Trog
   976 | D:2      | Noticed an ogre
   994 | D:2      | Killed an ogre
   995 | D:2      | Reached skill level 5 in Maces & Flails
   995 | D:2      | Reached XP level 4. HP: 22/51 MP: 4/4
   995 | D:2      | Reached XP level 5. HP: 26/58 MP: 5/5
  1126 | D:2      | Found a blossoming altar of Fedhas.
  1311 | D:2      | Found an ancient bone altar of Kikubaaqudgha.
  1728 | D:3      | Gained mutation: Your spells are a little easier to cast,
                  | but a little less powerful. [potion of mutation]
  1728 | D:3      | Gained mutation: Your muscles are strong. (Str +2) [potion
                  | of mutation]
  1740 | D:3      | Reached skill level 6 in Maces & Flails
  2401 | D:3      | Found a sacrificial altar of Ru.
  2523 | D:4      | Reached XP level 6. HP: 62/68 MP: 6/6
  2704 | D:4      | Noticed a crocodile
  2710 | D:4      | Killed a crocodile
  2711 | D:4      | Reached skill level 5 in Fighting
  2711 | D:4      | Reached skill level 7 in Maces & Flails
  2773 | D:4      | Found a staircase to the Ecumenical Temple.
  2899 | D:4      | Found Toffoc's Antique Armour Emporium.
  2960 | D:4      | Reached XP level 7. HP: 58/78 MP: 7/7
  3096 | D:4      | Found an opulent altar of Gozag.
  3206 | D:4      | Reached *** piety under Trog
  3327 | D:5      | Entered Level 5 of the Dungeon
  3345 | D:5      | Reached skill level 8 in Maces & Flails
  3451 | D:5      | Found a blossoming altar of Fedhas.
  3830 | D:5      | Reached skill level 5 in Dodging
  3830 | D:5      | Reached XP level 8. HP: 89/89 MP: 8/8
  4092 | D:6      | Found a glowing golden altar of the Shining One.
  4125 | D:6      | Found a stormy altar of Qazlal.
  4163 | D:6      | Reached skill level 9 in Maces & Flails
  4218 | D:6      | Noticed Menkaure
  4303 | D:6      | Killed Menkaure
  4400 | D:6      | Found a white marble altar of Elyvilon.
  4447 | D:6      | Reached skill level 10 in Maces & Flails
  4545 | D:6      | Noticed Eustachio
  4593 | D:6      | Killed Eustachio
  4844 | D:6      | Reached XP level 9. HP: 97/100 MP: 9/9
  5013 | D:6      | Found a sparkling altar of Nemelex Xobeh.
  5078 | D:6      | Found a hide-covered altar of Uskayaw.
  5088 | D:6      | Reached **** piety under Trog
  5134 | D:7      | Found an ornate altar of the Wu Jian Council.
  5134 | D:7      | Found a radiant altar of Vehumet.
  5142 | D:7      | Found a basalt altar of Yredelemnul.
  5149 | D:7      | Found an opulent altar of Gozag.
  5150 | D:7      | Found a shimmering blue altar of Sif Muna.
  5207 | D:7      | Noticed a troll
  5227 | D:7      | Noticed Pikel
  5242 | D:7      | Killed Pikel
  5243 | D:7      | Reached skill level 11 in Maces & Flails
  5283 | D:7      | Identified the cursed +1 ring mail "Udat" {rPois}
  5312 | D:7      | Reached skill level 12 in Maces & Flails
  5610 | D:7      | Killed a troll
  5611 | D:7      | Reached XP level 10. HP: 114/114 MP: 10/10
  5920 | D:7      | Found a snail-covered altar of Cheibriados.
  6023 | D:7      | Found a runed door.
  6027 | D:7      | Noticed Crazy Yiuf
  6031 | D:7      | Killed Crazy Yiuf
  6078 | D:8      | Noticed a centaur warrior
  6091 | D:8      | Killed a centaur warrior
  6092 | D:8      | Found a shattered altar of Ashenzari.
  6271 | D:8      | Reached skill level 13 in Maces & Flails
  7014 | D:9      | Reached skill level 1 in Shields
  7227 | D:9      | Found a staircase to the Lair.
  7245 | D:9      | Noticed a manticore
  7267 | D:9      | Killed a manticore
  7298 | D:9      | Noticed a death knight
  7324 | D:9      | Killed a death knight
  7583 | D:9      | Reached XP level 11. HP: 99/126 MP: 11/11
  7591 | D:9      | Reached skill level 14 in Maces & Flails
  7684 | D:9      | Found Zeqem's Food Shoppe.
  7810 | D:9      | Found Neklater's Food Shop.
  7979 | D:10     | Entered Level 10 of the Dungeon
  8048 | D:10     | Noticed a purple ugly thing
  8059 | D:9      | Killed a purple ugly thing
  8060 | D:9      | Reached skill level 10 in Fighting
  8134 | D:9      | Reached ***** piety under Trog
  8141 | D:10     | Noticed a tengu warrior
  8165 | D:10     | Killed a tengu warrior
  8165 | D:10     | Received a gift from Trog
  8295 | D:10     | Reached skill level 5 in Shields
  8455 | D:10     | Found a staircase to the Orcish Mines.
  8705 | D:10     | Noticed a skeletal warrior
  8705 | D:10     | Noticed a skeletal warrior
  8737 | D:9      | Killed a skeletal warrior
  8746 | D:9      | Reached skill level 15 in Maces & Flails
  8811 | D:10     | Killed a skeletal warrior
  9109 | D:10     | Noticed a skeletal warrior
  9109 | D:10     | Noticed a skeletal warrior
  9111 | D:10     | Noticed a five-headed hydra
  9185 | Lair:1   | Entered Level 1 of the Lair of Beasts
  9287 | Lair:1   | Found a gate leading to a gauntlet.
  9308 | Gauntlet | Entered a Gauntlet
  9308 | Gauntlet | Found a transporter.
  9308 | Gauntlet | Found a transporter.
  9312 | Gauntlet | Found a transporter.
  9312 | Gauntlet | Found a transporter.
  9318 | Gauntlet | Noticed a death ooze
  9319 | Gauntlet | Found a transporter.
  9340 | Gauntlet | Noticed a wizard
  9341 | Gauntlet | Found a transporter.
  9389 | Gauntlet | Found a transporter.
  9397 | Gauntlet | Noticed a hell hog
  9401 | Gauntlet | Found a transporter.
  9403 | Gauntlet | Found the +10 large shield of Ignorance {rN+ Int-4}
  9416 | Gauntlet | Noticed a death yak
  9417 | Gauntlet | Noticed a death yak
  9417 | Gauntlet | Found a transporter.
  9417 | Gauntlet | Noticed a death yak
  9418 | Gauntlet | Noticed a necromancer
  9426 | Gauntlet | Noticed a death yak
  9426 | Gauntlet | Noticed a death yak
  9426 | Gauntlet | Noticed a necromancer
  9427 | Gauntlet | Noticed a death yak
  9429 | Gauntlet | Noticed a death yak
  9429 | Gauntlet | Noticed a death yak
  9565 | Gauntlet | Noticed a green ugly thing
  9568 | Gauntlet | Noticed a great orb of eyes
  9569 | Gauntlet | Found a transporter.
  9577 | Gauntlet | Found a transporter.
  9577 | Gauntlet | Found a transporter.
  9582 | Gauntlet | Found a transporter.
  9641 | Gauntlet | Killed a wizard
  9674 | Gauntlet | Lost mutation: Your muscles are strong. (Str +2) [potion of
                  | mutation]
  9674 | Gauntlet | Lost mutation: Your spells are a little easier to cast, but
                  | a little less powerful. [potion of mutation]
  9674 | Gauntlet | Gained mutation: You are partially covered in yellow
                  | scales. (AC +2) [potion of mutation]
  9674 | Gauntlet | Gained mutation: You possess an exceptional clarity of
                  | mind. [potion of mutation]
  9696 | Gauntlet | Killed a hell hog
  9697 | Gauntlet | Reached XP level 12. HP: 60/138 MP: 12/12
  9711 | Gauntlet | Got an ancient rapier
  9828 | Gauntlet | Found a transporter.
  9852 | Gauntlet | Killed a death yak
  9892 | Gauntlet | Noticed a minotaur
  9918 | Gauntlet | Killed a minotaur
  9919 | Gauntlet | Reached skill level 1 in Stealth
 10023 | Lair:1   | Found a shimmering altar of Xom.
 10898 | Lair:2   | Reached skill level 16 in Maces & Flails
 11088 | Lair:2   | Found a transporter.
 11093 | Lair:2   | Found a transporter.
 11093 | Lair:2   | Noticed Cairuphu's ghost (journeyman DjRe)
 11616 | Lair:3   | Found a runed translucent door.
 11660 | Lair:3   | Noticed an anaconda
 11676 | Lair:3   | Killed an anaconda
 11952 | Lair:3   | Noticed Nergalle
 11972 | Lair:3   | Killed Nergalle
 12168 | Lair:3   | Noticed a seven-headed hydra
 12178 | Lair:3   | Killed a seven-headed hydra
 12178 | Lair:3   | Received a gift from Trog
 12320 | Lair:3   | Reached XP level 13. HP: 125/149 MP: 13/13
 12514 | Lair:3   | Found a staircase to the Shoals.
 12664 | Lair:3   | Noticed Mehrunes's ghost (journeyman AvFE)
 12664 | Lair:3   | Identified the +7 trident of Chaos {freeze, rC+ Str+4
                  | Int+7}
 12813 | Lair:4   | Reached skill level 5 in Stealth
 12908 | Lair:4   | Found a staircase to the Swamp.
 12980 | Lair:4   | Reached skill level 17 in Maces & Flails
 13849 | Lair:5   | Noticed Kirke
 13850 | Lair:5   | Noticed Urug
 13859 | Lair:5   | Killed Kirke
 13869 | Lair:5   | Killed Urug
 14024 | Lair:5   | Got a twisted mace
 14033 | Lair:5   | Got an encrusted cloak
 14772 | Lair:6   | Entered Level 6 of the Lair of Beasts
 14850 | Lair:6   | Identified the +8 mace "Saetup" {elec, *Rage MR+ Int+6}
                  | (You found it on level 5 of the Lair of Beasts)
 14863 | Lair:6   | Identified the +3 cloak "Qonafof" {rN+ MR+} (You found it
                  | on level 5 of the Lair of Beasts)
 14864 | Lair:6   | Found a viscous altar of Jiyva.
 14865 | Lair:6   | Found a staircase to the Slime Pits.
 15020 | Lair:6   | Noticed Sonja
 15093 | Lair:6   | Killed Sonja
 15094 | Lair:6   | Reached skill level 10 in Shields
 15131 | Lair:6   | Reached skill level 18 in Maces & Flails
 15588 | Lair:6   | Reached XP level 14. HP: 132/162 MP: 14/14
 15923 | Lair:6   | Received a gift from Trog
 16210 | Lair:6   | Found a corrupted altar of Lugonu.
 16210 | Lair:6   | Found a one-way gate to the infinite horrors of the Abyss.
 16608 | Orc      | Entered the Orcish Mines
 16608 | Orc      | Noticed Azrael
 16802 | Orc      | Found Owolokhlo's Jewellery Emporium.
 16843 | Orc      | Found Vonaism Toel's Distillery.
 17033 | Orc      | Bought the amulet of Vitality {Regen HP+25} for 1381 gold
                  | pieces
 17033 | Orc      | Found the amulet of Vitality {Regen HP+25}
 17093 | Orc      | Found a staircase to the Elven Halls.
 17187 | Orc      | Killed Azrael
 17345 | Orc      | Found Peterch's Distillery.
 17375 | Orc      | Received a gift from Trog
 17431 | Orc      | Bought a potion of resistance for 150 gold pieces
 17431 | Orc      | Bought a potion of haste for 150 gold pieces
 17571 | Orc      | Reached skill level 19 in Maces & Flails
 17850 | Orc      | Found Tiuphul's Antique Armour Shop.
 17850 | Orc      | Found Voduf's Book Boutique.
 17850 | Orc      | Found a one-way gate leading to the halls of Pandemonium.
 18439 | D:11     | Noticed Fannar
 18500 | D:11     | Killed Fannar
 18715 | D:11     | Reached XP level 15. HP: 173/173 MP: 15/15
 18789 | D:11     | Noticed Psyche
 18795 | D:11     | Killed Psyche
 19025 | D:11     | Received a gift from Trog
 19422 | D:12     | Entered Level 12 of the Dungeon
 19810 | D:12     | Found a staircase to the Depths.
 19867 | D:12     | Reached skill level 20 in Maces & Flails
 20122 | D:12     | Identified the ring of Eternal Night {+Fly rN+}
 20198 | D:12     | Found a runed translucent gate.
 20204 | D:12     | Found a runed translucent gate.
 20205 | D:12     | Found a runed translucent gate.
 20208 | D:12     | Found an opulent altar of Gozag.
 20208 | D:12     | Found Dyr Inob's Assorted Antiques.
 20209 | D:12     | Noticed Argron's ghost (journeyman MiBe)
 20217 | D:12     | Found a gate to the Vaults.
 20236 | D:12     | Received a gift from Trog
 20832 | Swamp:1  | Entered Level 1 of the Swamp
 21809 | Swamp:2  | HP: 9/202 [alligator (8)]
 21811 | Swamp:2  | Slain by an alligator

Skill      XL: |  1  2  3  4  5  6  7  8  9 10 11 12 13 14 15 |
---------------+----------------------------------------------+-----
Maces & Flails | 4 5 6 7 8 10 12 13 15 16 18 19 20 | 20.7
Dodging        | 3 4 5 6 7 |  7.6
Fighting       | 4 5 6 7 8 9 10 11 12 13 14 | 14.4
Shields        | 3 6 8 10 11 13 | 13.0
Stealth        | 4 5 |  5.0

Action                   |  1- 3 |  4- 6 |  7- 9 | 10-12 | 13-15 || total
-------------------------+-------+-------+-------+-------+-------++-------
Melee: Mace              |   146 |     9 |       |       |       ||   155
       Giant club        |       |    59 |       |       |       ||    59
       Flail             |       |    86 |   342 |   313 |       ||   741
       Dire flail        |       |       |       |   464 |  1032 ||  1496
       Great mace        |       |       |       |       |   367 ||   367
Invok: Berserk           |     1 |     1 |     2 |     5 |     6 ||    15
       Brothers in Arms  |       |       |     1 |     2 |     3 ||     6
       Trog's Hand       |       |       |     1 |       |     8 ||     9
Evoke: Wand              |       |       |       |       |    10 ||    10
  Use: Scroll            |     1 |       |     8 |     6 |     7 ||    22
       Potion            |       |     2 |     1 |     2 |     1 ||     6
 Stab: Sleeping          |     1 |       |    10 |     6 |    25 ||    42
       Distracted        |     1 |       |     1 |       |     2 ||     4
       Confused          |       |       |       |       |     1 ||     1
  Eat: Chunk             |     4 |    12 |    13 |    33 |    58 ||   120
       Ration            |       |       |     1 |     2 |     2 ||     5
Armor: Skin              |   122 |   113 |   291 |   407 |   887 ||  1820
Dodge: Dodged            |   116 |   131 |   266 |   381 |   437 ||  1331
Block: Medium shield     |       |       |       |   252 |       ||   252
       Large shield      |       |       |       |   387 |  2513 ||  2900
